 Dungeon Crawl Stone Soup version 0.17-a0-1945-gfe993df (webtiles) character file.

2 4thArraOfDagon the Ruffian (level 1, 0/18 HPs)
             Began as a Formicid Monk on Sept 30, 2015.
             Slain by a wraith (1 damage)
             ... on level 11 of the Dungeon.
             The game lasted 00:00:55 (94 turns).

4thArraOfDagon the Ruffian (Formicid Monk)            Turns: 94, Time: 00:00:55

Health: 0/18       AC:  2    Str: 15    XL:     1   Next: 33%
Magic:  1/1        EV: 13    Int:  9    God:
Gold:   0          SH:  0    Dex: 13    Spells: 0 memorised, 0 levels left

rFire  . . .     SeeInvis +       - Unarmed
rCold  . . .     Clarity  .     a - +0 robe
rNeg   . . .     SustAt   .     (no shield)
rPois  .         Gourm    .     (helmet unavailable)
rElec  .         Spirit   .     (no cloak)
rCorr  .         Warding  .     (no gloves)
rMut   .         Stasis   +     (no boots)
MR     .....                    (no amulet)
Stlth  ++........               (no ring)
                                (no ring)

@: not resistant to hostile enchantments, unstealthy
A: permanent stasis, dig shafts and tunnels, four strong arms, antennae 3
a: Dig, Shaft Self


You were on level 11 of the Dungeon.
You were hungry.

You visited 1 branch of the dungeon, and saw 9 of its levels.

Inventory:

Hand weapons
 d - a +0 war axe
Armour
 a - a +0 robe (worn)
Scrolls
 c - a scroll of recharging {unknown}
 e - a scroll of enchant weapon {unknown}
Comestibles
 b - a bread ration
 f - a meat ration


   Skills:
 - Level 3.2 Fighting
 * Level 0.2 Axes
 + Level 2.8 Dodging
 - Level 2.4 Stealth
 - Level 4.0 Unarmed Combat


You couldn't memorise any spells.
You didn't know any spells.

Dungeon Overview and Level Annotations

Branches:
Dungeon (11/15)              Lair (0/8) D:9
 Temple: D:4-7          Orc: D:9-12

Altars:


Innate Abilities, Weirdness & Mutations

You are under a permanent stasis effect.
You can dig through walls and to a lower floor.
Your four strong arms can wield two-handed weapons with a shield.
You have a pair of large antennae on your head (SInv).


Message History

You feel somewhat more hungry. The kobold hits you but does no damage.
The kobold throws a stone.
The stone barely misses you. The kobold barely misses you.
The big kobold hits you.
You begin to dig a shaft.
You continue digging a shaft.
The kobold throws a stone.
The stone hits you but does no damage.
The big kobold hits you but does no damage.
A shaft appears beneath you!
A stone falls through the shaft.
You fall through a shaft for 2 floors!
The shaft crumbles and collapses.
An adder, a sky beast, 3 orcs and a wraith come into view.
Found 5 fruits, a meat ration and a scroll labeled MOCOALA EN NEKH.
Found a stone staircase leading down.
Use which ability?
Are you sure you want to shaft yourself?
You are feeling hungry.
The wraith hits you!
Ouch! That really hurt!
* * * LOW HITPOINT WARNING * * *
The wraith drains your vigour!
Your stasis keeps you stable.
You die...

###+########
#..........?
#...........
+...o.o.....
#Y..........
#.%.......o.
#...@.......
#....W......
#S.....%....
############


You could see a wraith, an orc warrior, a sky beast (sleeping), an adder
(sleeping) and 2 orcs.

Vanquished Creatures
  An orc (D:7)
1 creature vanquished.

Notes
Turn   | Place    | Note
--------------------------------------------------------------
     0 | D:1      | 4thArraOfDagon the Formicid Monk began the quest for the Orb.
     0 | D:1      | Reached XP level 1. HP: 18/18 MP: 1/1
     4 | D:1      | You fall through a shaft!
     9 | D:2      | You fall through a shaft!
    13 | D:3      | You fall through a shaft!
    17 | D:4      | You fall through a shaft for 2 floors!
    35 | D:6      | Noticed a giant frog skeleton
    58 | D:6      | Noticed an orc wizard
    58 | D:6      | Noticed an orc priest
    61 | D:6      | You fall through a shaft!
    77 | D:7      | Noticed an ogre
    82 | D:7      | Noticed an ice beast
    87 | D:7      | You fall through a shaft!
    87 | D:8      | Noticed a wasp zombie
    90 | D:8      | You fall through a shaft!
    90 | D:9      | Found a staircase to the Lair.
    90 | D:9      | Noticed a big kobold
    92 | D:9      | Noticed a fire drake
    93 | D:9      | You fall through a shaft for 2 floors!
    93 | D:11     | Noticed an orc warrior
    93 | D:11     | Noticed a sky beast
    93 | D:11     | Noticed a wraith
    94 | D:11     | Slain by a wraith

Vault maps used:
D:1:      dpeg_arrival_arbitrary_b, minivault_4, cheibriados_altar_1
D:3:      first_bread
D:4:      serial_shops, shop, uniq_eustachio
D:6:      st_stairs_11, uniq_duvessa
D:7:      minmay_temple_entry_nine_rooms
D:8:      overflow_temple_1_default, serial_shops, shop, serial_glass,
          glass_columns_a, glass_columns_a
D:9:      minmay_lair_entry_lava, uniq_maurice, uniq_erolcha
D:11:     uniq_grum, uniq_psyche

Action                   || total
-------------------------++-------
Melee: Unarmed           ||     1
 Abil: Shaft Self        ||     9
 Stab: Sleeping          ||     1
